 Dungeon Crawl Stone Soup version 0.28-a0-1182-g381e24db82 (webtiles) character file.

Game seed: 4908630687448810610

2138 mainiacjoe the Covert (level 9, -5/51 HPs)
             Began as an Octopode Fire Elementalist on Dec 16, 2021.
             Slain by an unseen horror (10 damage)
             ... on level 7 of the Dungeon on Dec 17, 2021.
             The game lasted 00:28:26 (8759 turns).

mainiacjoe the Covert (Octopode Fire Elementalist)  Turns: 8759, Time: 00:28:27

Health: -5/51      AC:  1    Str:  7    XL:     9   Next: 30%
Magic:  15/15      EV: 17    Int: 21    God:
Gold:   334        SH: 13    Dex: 13    Spells: 7/16 levels left

rFire   . . .      SeeInvis .   a - +1 short sword (elec)
rCold   . . .      Faith    .   k - +3 buckler
rNeg    . . .      Spirit   .   (helmet restricted)
rPois   .          Reflect  +   x - amulet of reflection
rElec   .          Harm     .   u - +4 ring of evasion
rCorr   .          Rampage  .   (no ring)
Will    .....                   (no ring)
Stlth   +++++.....              (no ring)
HPRegen 0.17/turn               (no ring)
MPRegen 0.14/turn               (no ring)
                                (no ring)
                                (no ring)

@: marked
A: almost no armour, amphibious, 8 rings, camouflage 1, gelatinous body 1,
(nimble swimmer 1), tentacles
a: no special abilities


You were on level 7 of the Dungeon.
You visited 1 branch of the dungeon, and saw 7 of its levels.

You collected 334 gold pieces.

Inventory:

Hand Weapons
 a - a +1 short sword of electrocution (weapon)
 b - a +1 vampiric dagger
 r - a +4 dagger of pain
 B - a +4 broad axe of flaming
 D - a +2 broad axe of venom
 E - the +6 falchion of Orchumn {protect, rPois}
   (You found it on level 7 of the Dungeon)

   It grants its wielder temporary protection when it strikes (+7 to AC).
   rPois:     It protects you from poison.
 F - a +1 morningstar of protection
Missiles
 f - 105 arrows
 g - 52 sling bullets
 m - 181 stones
 p - 6 boomerangs
 q - 25 bolts
 t - 19 poisoned darts (quivered)
Armour
 k - a +3 buckler (worn)
Magical Staves
 G - a staff of poison
 H - a staff of conjuration
Jewellery
 n - an amulet of guardian spirit
 s - an amulet of regeneration
 u - a +4 ring of evasion (left tentacle)
 x - an amulet of reflection (around mantle)
Wands
 A - a wand of acid (7)
Scrolls
 c - a scroll of fear {unknown}
 d - a scroll of immolation
 j - a scroll of fog {unknown}
 w - a scroll of vulnerability
 y - a scroll of teleportation {unknown}
Potions
 e - 2 potions of degeneration {unknown}
 h - 5 potions of curing
 i - a potion of attraction {unknown}
 l - 2 potions of might
 o - 3 potions of haste
 v - a potion of cancellation {unknown}
 z - a potion of mutation {unknown}
Miscellaneous
 C - a lightning rod (4/4)


   Skills:
 + Level 2.6 Short Blades
 - Level 2.0 Dodging
 + Level 8.4 Stealth
 - Level 4.0 Shields
 - Level 4.0 Spellcasting
 - Level 6.0 Conjurations
 + Level 2.6 Hexes
 - Level 6.0 Fire Magic


You had 7 spell levels left.
You knew the following spells:

 Your Spells              Type           Power      Damage    Failure   Level
a - Foxfire               Conj/Fire      100%       2x1d9     1%          1
b - Searing Ray           Conj           58%        2d6       1%          2
c - Inner Flame           Hex/Fire       22%        N/A       6%          3
z - Conjure Flame         Conj/Fire      29%        6-21      3%          3

Your spell library contained the following spells:

 Spells                   Type           Power      Damage    Failure   Level
 Magic Dart               Conj           100%       1d8       1%          1
 Scorch                   Fire           58%        2d7       1%          2
 Flame Wave               Conj/Fire      29%        2d6       10%         4
 Fulminant Prism          Conj/Hex       11%        3d9       21%         4


Dungeon Overview and Level Annotations

Branches:
Dungeon (7/15)
 Temple: D:4-7

Altars:
Ashenzari
Cheibriados
Gozag
Okawaru
Qazlal
Ru
Sif Muna
Uskayaw
Zin

Annotations:
D:1 dig vault


Innate Abilities, Weirdness & Mutations

You cannot wear most types of armour.
You are amphibious.
You can wear up to eight rings at the same time.
Your skin changes colour to match your surroundings (Stealth+).
Your rubbery body absorbs attacks. (AC +1, EV +1)
((You are camouflaged near water. (Stealth+)))
You have tentacles for arms and can constrict up to eight enemies at once.


Message History

You see here a staff of poison.
G - a staff of poison
There is a dry fountain here.
You see here a staff of conjuration.
H - a staff of conjuration You see here a +1 glaive of venom.
There is a stone staircase leading up here.
You climb upwards.
There is a stone staircase leading down here.
Magic restored.
HP restored.
Done exploring.
(D) Dungeon
Where to? (Enter - D:7, ? - help)
You climb downwards.
There is a stone staircase leading up here.
You now have 334 gold pieces (gained 9).
A sourceless malevolence fills the Dungeon...
With a horrendous wail, an alarm goes off!
A sentinel's mark forms upon you.
You hear a shout! x3; You hear an angry hiss.
You hear a shout!
You hear two shouts!
You hear a loud, deep croak!
You hear a shout! x3
The iguana misses you.
You completely miss the iguana. Your grab misses the iguana.
You block something's attack.
Deactivating autopickup; reactivate with Ctrl-A.
Something hits you! The iguana misses you.
Something hits you. x2; Something hits you!
A scorpion comes into view.
You see here an iguana skeleton.
Something hits you. Something hits you!
* * * LOW HITPOINT WARNING * * *
Something hits you!
* * * LOW HITPOINT WARNING * * *
Something barely misses you. You block the wyvern skeleton's attack.
A wyvern comes into view.
You feel better. Something hits you!
* * * LOW HITPOINT WARNING * * *
Something hits you!
You die...

############
#################..........#####
..................######.##....#
.Z.###.....ls.l#######...##....#
#..#..###.###.........####...)#
#...##..#..##Z@####### #....#
##.##..#.#..##..# ####..."#
###.{##.##..##.# ####.).....#
#..##...##..#.# #....##....#
#.##...).##.#.# #.#####.####
..#....⌠....#..###<# #.#
.#.##.....##.#..##.# #.# #
##...##..#..##.# #.#
##.##..##..##.# #.#


You could see a wyvern, a scorpion, an iguana and a wyvern skeleton.

Vanquished Creatures
  A wyvern (D:6)
  A vampire mosquito (D:7)
  An acid dragon (D:5)
  2 ice beasts (D:6)
  An orc warrior (D:7)
  A black bear (D:6)
  A sky beast (D:5)
  3 ogres
  2 necrophages
  A centaur (D:6)
  A lemure (D:7)
  A phantom (D:6)
  Blork the orc (D:5)
  A vampire bat (D:3)
  A hound (D:6)
  A bullfrog skeleton (D:5)
  Terence (D:3)
  5 iguanas
  3 orc wizards
  3 hound skeletons (D:4)
  3 gnolls (D:2)
  6 adders
  2 white imps
  3 worms (D:4)
  2 dart slugs
  3 fire bats (D:3)
  7 orcs
  2 spectral bats (D:3)
  7 ball pythons
  3 bat skeletons (D:3)
  A bat zombie (D:3)
  7 endoplasms
  4 giant cockroaches
  11 goblins
  4 hobgoblins
  7 jackals
  7 quokkas
  15 bats
  A bat simulacrum (D:3)
  4 frilled lizards
  10 kobolds
  8 rats
149 creatures vanquished.

Vanquished Creatures (collateral kills)
  3 foxfires (D:1)
3 creatures vanquished.

Vanquished Creatures (others)
  233 foxfires
  3 plants (D:1)
236 creatures vanquished.

Grand Total: 388 creatures vanquished

Notes
Turn   | Place    | Note
-------+----------+-------------------------------------------
     0 | D:1      | mainiacjoe the Octopode Fire Elementalist began the quest
                  | for the Orb.
     0 | D:1      | Reached XP level 1. HP: 11/11 MP: 3/3
    34 | D:1      | Reached XP level 2. HP: 7/17 MP: 0/5
   223 | D:1      | Learned a level 2 spell: Searing Ray
   269 | D:1      | Reached skill level 3 in Stealth
   820 | D:1      | Reached XP level 3. HP: 21/21 MP: 1/6
   824 | D:1      | Learned a level 3 spell: Conjure Flame
  1478 | D:2      | You fall into a shaft and drop 1 floor!
  1860 | D:2      | Reached XP level 4. HP: 26/27 MP: 2/7
  2112 | D:2      | Reached skill level 4 in Stealth
  2223 | D:2      | Reached XP level 5. HP: 9/31 MP: 1/8
  3295 | D:3      | Reached skill level 1 in Shields
  3401 | D:3      | Reached XP level 6. HP: 35/36 MP: 9/9
  3713 | D:3      | Found a faded altar of an unknown god.
  3728 | D:3      | Noticed Terence
  3743 | D:3      | Killed Terence
  4062 | D:4      | Reached XP level 7. HP: 41/41 MP: 3/10
  4291 | D:4      | Found an iron altar of Okawaru.
  4659 | D:4      | Found an opulent altar of Gozag.
  4666 | D:4      | Found a stormy altar of Qazlal.
  4671 | D:4      | Found a sacrificial altar of Ru.
  4935 | D:4      | Identified the +3 chain mail "Rejuucet" {MP-9 Int+7}
  5021 | D:4      | Found a hide-covered altar of Uskayaw.
  5174 | D:5      | Entered Level 5 of the Dungeon
  5189 | D:5      | Noticed Blork the orc
  5200 | D:5      | Killed Blork the orc
  5201 | D:5      | Reached skill level 5 in Stealth
  5705 | D:5      | Found a shimmering blue altar of Sif Muna.
  5814 | D:5      | Reached XP level 8. HP: 31/46 MP: 2/12
  5978 | D:5      | Reached skill level 6 in Stealth
  5978 | D:5      | Reached skill level 5 in Fire Magic
  6042 | D:5      | Reached skill level 5 in Conjurations
  6543 | D:5      | Found a glowing silver altar of Zin.
  6546 | D:5      | Found a snail-covered altar of Cheibriados.
  6923 | D:6      | Learned a level 3 spell: Inner Flame
  7259 | D:6      | Noticed a wyvern
  7272 | D:6      | Killed a wyvern
  7273 | D:6      | Reached skill level 7 in Stealth
  7694 | D:6      | Reached skill level 1 in Short Blades
  7694 | D:6      | Reached skill level 1 in Hexes
  7845 | D:6      | Found a broken altar of Ashenzari.
  7852 | D:6      | Reached XP level 9. HP: 51/51 MP: 15/15
  8217 | D:6      | Reached skill level 8 in Stealth
  8539 | D:7      | Noticed a troll
  8668 | D:7      | Identified the +6 falchion of Orchumn {protect, rPois}
  8759 | D:7      | Slain by an unseen horror

Illustrated notes

Levels and vault maps discovered:
D:1:      minmay_arrival_plants_in_alcoves, layout_loops_ring,
          due_unseen_surprise
D:2:      layout_rooms, minmay_domino_2
D:3:      layout_basic, nicolae_ecumenical_lake_church, dk_noncrumbling_3,
          chequers_decorated_corner, goddamned_bats, uniq_terence
D:4:      layout_cave_pods, okawaru_trees_1, nicolae_uskayaw_dance_hall,
          minmay_overflow_temple_star_quad, grunt_ministairs_14,
          hangedman_abyss_or_decor_stagger
D:5:      layout_basic, tgw_sif, nicolae_overflow_squiral,
          hangedman_minor_gate_pass, uniq_blork_the_orc
D:6:      layout_loops_corners, ashenzari_altar_1
D:7:      minmay_the_grid_octo_2x2 [minmay_the_grid_octo_thin_diamonds,
          minmay_the_grid_octo_tetromino_candy, minmay_the_grid_octo_chip,
          minmay_the_grid_octo_prize_star], layout_rooms,
          mainiacjoe_overflow_paths, minmay_temple_entry_grid, st_stairs_13,
          uniq_pikel

Skill      XL: |  1  2  3  4  5  6  7  8  9 |
---------------+----------------------------+-----
Stealth        | 3 4 5 7 8 |  8.4
Conjurations   | 2 3 4 5 6 |  6.0
Shields        | 2 4 |  4.0
Fire Magic     | 4 5 6 |  6.0
Spellcasting   | 3 4 |  4.0
Short Blades   | 1 2 |  2.6
Hexes          | 1 2 |  2.6
Dodging        | |  2.0

Action                   |  1- 3 |  4- 6 |  7- 9 || total
-------------------------+-------+-------+-------++-------
Melee: Dagger            |    25 |    44 |       ||    69
       Constrict         |    10 |    10 |     8 ||    28
       Unarmed           |     3 |       |       ||     3
       Tentacles         |     2 |     6 |     4 ||    12
       Short sword       |       |       |    49 ||    49
       Whip              |       |       |     1 ||     1
Throw: Stone             |     1 |    14 |       ||    15
       Dart              |       |       |     4 ||     4
 Cast: Foxfire           |    30 |    46 |    62 ||   138
       Searing Ray       |    14 |    15 |    22 ||    51
  Use: Scroll            |       |       |     8 ||     8
       Potion            |       |       |     2 ||     2
 Stab: Sleeping          |     3 |     9 |     9 ||    21
Armor: Skin              |     6 |     9 |     4 ||    19
Dodge: Dodged            |    29 |    37 |    51 ||   117
Block: Buckler           |       |     6 |    45 ||    51
       Reflection        |       |       |     1 ||     1

Table legend: (Time is in decaauts)
 A = Elapsed time spent in this place.
 B = Non-inter-level travel time spent in this place.
 C = Inter-level travel time spent in this place.
 D = Time resting spent in this place.
 E = Time spent auto-exploring this place.
 F = Levels seen in this place.
 G = Mean time per level.
                   A        B        C        D        E       F      G
               +--------+--------+--------+--------+--------+-----+--------+
         Total |   8764 |   8525 |    239 |   1606 |   5631 |   7 | 1252.0 |
       Dungeon |   8764 |   8525 |    239 |   1606 |   5631 |   7 | 1252.0 |
               +--------+--------+--------+--------+--------+-----+--------+

Top non-repeatable levels by time:
     D:4: 1701 daAuts
     D:1: 1609 daAuts
     D:6: 1605 daAuts
     D:2: 1194 daAuts
     D:3: 1184 daAuts
     D:5: 1057 daAuts
     D:7: 413 daAuts
